Map: [ESL] Oceanborn

Players

Wayne - Winner!

  • Race: Zerg Zerg
  • Spawn Location: 5:00

Bly

  • Race: Zerg Zerg
  • Spawn Location: 11:00

Event: ESL SC2 Masters 2024 Spring (Regional)

VOD

Have the link to the VOD?

Description

Time

  • Played on: April 27, 2024, 12:04 p.m.
  • Length: 9:37

All games in this series

Show
View Real Time Build Order
Export as new Build Order

Wayne Zerg - Winner!

Build Orders: Hatch First 

Get SALT Encoding   

  12  0:00  Drone  
  13  0:12  Overlord  
  13  0:16  Drone  
  14  0:30  Drone x2  
  16  0:47  Hatchery  
  15  0:51  Drone  
  15  0:54  Drone  
  17  0:57  Drone  
  18  1:08  Extractor  
  17  1:12  Spawning Pool  
  17  1:15  Drone  
  17  1:19  Drone  
  18  1:28  Drone  
  19  1:38  Drone  
  20  1:49  Drone  
  21  1:59  Zergling x2, Queen x2  
  21  2:00  Overlord  
  26  2:08  Metabolic Boost  
  26  2:11  Drone x2  
  28  2:22  Drone x2  
  30  2:32  Hatchery  
  30  2:35  Zergling x2  
  30  2:38  Zergling x2  
  30  2:42  Drone  
  32  2:48  Drone  
  32  2:50  Baneling Nest  
  32  2:53  Overlord  
  32  2:54  Drone  
  33  3:03  Drone  
  33  3:09  Drone  
  34  3:16  Drone  
  34  3:17  Drone  
  34  3:19  Drone x2  
  38  3:21  Drone  
  38  3:22  Drone  
  38  3:26  Overlord  
  40  3:32  Evolution Chamber, Zergling x2  
  40  3:37  Zergling x2  
  40  3:38  Queen  
  43  3:42  Drone  
  43  3:46  Zergling x4  
  43  3:47  Drone x2  
  48  3:50  Drone x2  
  48  3:52  Drone  
  51  3:56  Roach Warren  
  51  4:02  Overlord, Extractor, Drone  
  50  4:03  Drone  
  50  4:08  Zerg Ground Armor Level 1  
  51  4:10  Drone x2  
  51  4:14  Drone x2  
  51  4:15  Baneling  
  51  4:16  Baneling x2  
  51  4:17  Zergling x4  
  55  4:24  Zergling x6, Evolution Chamber  
  58  4:33  Overlord  
  58  4:36  Zergling x6  
  59  4:43  Roach x4  
  65  4:48  Queen  
  66  4:53  Roach x3  
  66  4:57  Overlord x2  
  66  4:59  Roach  
  74  5:02  Overlord, Extractor  
  74  5:03  Drone x2  
  73  5:13  Drone  
  73  5:14  Overlord  
  73  5:16  Drone x2  
  73  5:18  Drone x2  
  73  5:19  Drone  
  78  5:24  Lair  
  78  5:27  Roach x2  
  82  5:34  Roach x2  
  87  5:35  Zergling x8  
  90  5:44  Overlord  
  90  5:49  Roach x2  
  93  5:52  Overlord  
  93  5:55  Overlord, Extractor  
  93  5:57  Overlord, Drone  
  93  5:58  Roach x4  
  100  6:07  Roach x4  
  107  6:15  Drone  
  107  6:16  Roach  
  109  6:21  Glial Reconstitution, Extractor  
  109  6:24  Drone x2  
  109  6:25  Overlord, Drone  
  111  6:26  Roach x2  
  111  6:28  Zergling x6  
  118  6:33  Spine Crawler  
  118  6:37  Zergling x2  
  118  6:38  Zergling x8, Ravager  
  123  6:43  Roach  
  125  6:47  Roach  
  125  6:48  Roach x2  
  125  6:50  Baneling  
  125  6:51  Overlord  
  125  6:53  Roach  
  125  6:54  Roach  
  133  6:59  Overlord  
  126  7:02  Overlord  
  126  7:04  Drone x3  
  125  7:09  Zerg Missile Weapons Level 1  
  125  7:11  Ravager  
  125  7:15  Roach x2  
  130  7:18  Drone x3, Extractor  
  130  7:20  Overseer  
  129  7:26  Drone  
  129  7:27  Roach x3  
  136  7:34  Overlord  
  136  7:38  Overlord  
  133  7:45  Overlord  
  133  7:51  Roach x7  
  145  7:53  Ravager  
  145  8:03  Roach x3  
  148  8:10  Baneling x2  
  148  8:14  Roach x4  
  156  8:22  Roach x3  
  162  8:29  Roach x3  
  162  8:31  Roach  
  159  8:37  Roach x3  
  155  8:42  Roach  
  155  8:43  Roach  
  155  8:46  Ravager  
  155  8:47  Roach x2  
  158  8:50  Roach x2  
  158  8:52  Roach  
  164  8:56  Roach  
  164  9:00  Roach x2  
  170  9:08  Roach x4  
  167  9:13  Roach x2  
Show
View Real Time Build Order
Export as new Build Order

Bly Zerg 

Build Orders: Hatch First 

Get SALT Encoding   

  12  0:01  Drone  
  13  0:12  Overlord  
  13  0:19  Drone  
  14  0:30  Drone x2  
  16  0:49  Hatchery  
  15  0:52  Drone  
  15  0:55  Drone  
  17  0:58  Drone  
  18  1:09  Extractor  
  17  1:14  Spawning Pool  
  17  1:17  Drone  
  17  1:20  Drone  
  18  1:27  Drone  
  19  1:44  Drone  
  20  1:48  Evolution Chamber  
  20  1:52  Overlord  
  19  2:01  Queen x2  
  19  2:03  Zergling x2  
  19  2:04  Zergling x2  
  25  2:14  Zerg Melee Weapons Level 1  
  25  2:15  Drone  
  26  2:16  Drone  
  26  2:22  Drone  
  28  2:29  Drone  
  29  2:38  Queen  
  29  2:40  Drone  
  32  2:49  Overlord  
  32  2:50  Metabolic Boost  
  32  2:55  Drone x3  
  34  3:12  Drone x3  
  37  3:13  Overlord  
  36  3:20  Evolution Chamber  
  36  3:21  Roach Warren  
  36  3:23  Overlord  
  36  3:25  Zergling x2  
  36  3:26  Zergling x2  
  36  3:35  Zergling x8  
  36  3:37  Zergling x2  
  41  3:46  Zerg Ground Armor Level 1  
  41  3:50  Zergling x6  
  41  3:51  Zergling x2  
  41  3:53  Zergling x2  
  47  4:02  Zergling x2  
  47  4:03  Zergling x4  
  49  4:18  Drone x3  
  49  4:22  Hatchery  
  49  4:23  Overlord  
  51  4:26  Drone x2  
  46  4:42  Drone  
  46  4:43  Drone x3  
  46  4:48  Drone x4  
  49  4:54  Zergling x4  
  49  4:56  Zergling x2  
  52  5:01  Extractor  
  52  5:04  Zergling x4  
  52  5:16  Overlord, Extractor  
  49  5:26  Roach  
  49  5:27  Roach x6  
  63  5:29  Overlord  
  63  5:35  Overlord  
  63  5:44  Overlord  
  63  5:46  Roach x6  
  74  5:57  Roach x5  
  82  6:17  Zergling x2  
  82  6:18  Zergling x14  
  90  6:19  Ravager x2  
  92  6:27  Zergling x10  
  92  6:28  Zergling x4  
  92  6:31  Ravager  
  92  6:32  Overlord  
  100  6:38  Zergling x4  
  102  6:40  Lair  
  102  6:41  Overlord  
  102  6:47  Zergling x6  
  80  7:08  Drone  
  80  7:09  Drone x11  
  80  7:14  Ravager x2  
  94  7:17  Zerg Missile Weapons Level 1  
  93  7:24  Overlord  
  93  7:36  Zergling x24  
  103  8:00  Roach x12  
  123  8:12  Ravager x2  
  121  8:13  Ravager  
  121  8:15  Zergling x10  
  119  8:38  Roach x6  
  120  8:46  Roach x4, Zergling x10  
  120  8:48  Overlord x2  
  129  8:51  Spine Crawler, Extractor  
  129  8:52  Spine Crawler  
  126  9:09  Zergling x12, Roach  
  96  9:17  Roach  
  96  9:18  Roach x3  
Tags
 
Add a new tag
Caveats
  • Supply blocks, unpowered buildings, or Contaminate may cause inaccurate times.
  • Supply counts are checked every 10 seconds.